 Dungeon Crawl Stone Soup version 0.29.1-13-g9f3cf754e1 (webtiles) character file.

Game seed: 8525210986693490856

42 Hrothgar the Skirmisher (level 3, -4/31 HPs)
             Began as a Gnoll Hunter on Jan 24, 2023.
             Was a Follower of Kikubaaqudgha.
             Slain by Natasha (7 damage)
             ... on level 2 of the Dungeon.
             The game lasted 00:07:41 (1068 turns).

Hrothgar the Skirmisher (Gnoll Hunter)              Turns: 1068, Time: 00:07:48

Health: -4/31      AC:  3    Str: 10    XL:     3   Next: 54%
Magic:  3/4        EV: 13    Int: 10    God:    Kikubaaqudgha [*.....]
Gold:   15         SH:  0    Dex: 15    Spells: 2/3 levels left

rFire   . . .      SeeInvis .   i - +2 rapier (vamp)
rCold   . . .      Faith    .   (no shield)
rNeg    . . .      Spirit   .   c - +0 leather armour
rPois   .          Reflect  .   (no helmet)
rElec   .          Harm     .   (no cloak)
rCorr   .          Rampage  .   (no gloves)
Will    .....                   (no boots)
Stlth   ++........              (no amulet)
HPRegen 0.10/turn               (no ring)
MPRegen 0.09/turn               (no ring)

@: slowed, very slow
A: fangs 1, strong nose, distributed training
a: Renounce Religion, Unearth Wretches


You were on level 2 of the Dungeon.
You worshipped Kikubaaqudgha.
Kikubaaqudgha was aware of your devotion.
You visited 1 branch of the dungeon, and saw 2 of its levels.

You collected 15 gold pieces.

Inventory:

Hand Weapons
 a - a +0 shortbow
 f - a +2 dagger of draining
 i - a +2 vampiric rapier (weapon)
Armour
 c - a +0 leather armour (worn)
Jewellery
 h - a ring of flight
Scrolls
 b - a scroll of immolation
 d - a scroll of noise
 g - a scroll of enchant armour {unknown}
 j - a scroll of vulnerability {unknown}
 k - a scroll of enchant weapon {unknown}
Potions
 e - a potion of cancellation


   Skills:
 + Level 4.5 Fighting
 + Level 0.9 Short Blades
 + Level 0.9 Long Blades
 + Level 0.9 Axes
 + Level 0.9 Maces & Flails
 + Level 0.9 Polearms
 + Level 0.9 Staves
 + Level 8.5 Ranged Weapons
 + Level 0.9 Throwing
 + Level 0.9 Armour
 + Level 4.5 Dodging
 + Level 2.4 Stealth
 + Level 0.9 Shields
 + Level 0.9 Unarmed Combat
 + Level 0.9 Spellcasting
 + Level 0.6 Conjurations
 + Level 0.6 Hexes
 + Level 0.6 Summonings
 + Level 0.6 Necromancy
 + Level 0.6 Translocations
 + Level 0.6 Transmutations
 + Level 0.6 Fire Magic
 + Level 0.6 Ice Magic
 + Level 0.6 Air Magic
 + Level 0.6 Earth Magic
 + Level 0.6 Poison Magic
 + Level 1.0 Invocations
 + Level 0.9 Evocations


You had 2 spell levels left.
You knew the following spells:

 Your Spells              Type           Power      Damage    Failure   Level
a - Necrotise             Necr           4%         1d4       36%         1

Your spell library contained the following spells:

 Spells                   Type           Power      Damage    Failure   Level
 Sublimation of Blood     Necr           1%         N/A       50%         2
 Anguish                  Hex/Necr       0%         N/A       98%         4
 Animate Dead             Necr           1%         N/A       98%         4


Dungeon Overview and Level Annotations

Branches:
Dungeon (2/15)

Altars:
Kikubaaqudgha

Annotations:
D:2 Natasha


Innate Abilities, Weirdness & Mutations

You have very sharp teeth.
Your uncanny sense of smell can sniff out nearby items.
Your experience applies equally to all skills.


Message History

Unknown command.
You feel a sense of dread.
i - a +2 vampiric rapier (weapon)
Natasha claws you.
You hit Natasha.
You feel better.
You bite Natasha, but do no damage.
Natasha is severely wounded.
Natasha closely misses you.
Natasha casts a spell.
You closely miss Natasha.
Natasha is severely wounded.
Natasha stares at you and mumbles some strange words.
The magic dart hits you. Natasha casts a spell at you.
You resist with significant effort.
You barely miss Natasha. Your bite misses Natasha.
Natasha is severely wounded.
The shadow imp puffs mist at you. Natasha claws you but does no damage.
The shadow imp closely misses you.
Your magical contamination has completely faded away.
You closely miss Natasha. Your bite misses Natasha.
Natasha is severely wounded.
Natasha claws you. The shadow imp misses you.
Natasha casts a spell.
The shadow imp hits you.
You hit Natasha.
You feel better.
Natasha is almost dead.
Natasha closely misses you. The shadow imp hits you.
The crimson imp barely misses you. Natasha casts a spell at you.
The magic dart hits you!
* * * LOW HITPOINT WARNING * * *
The shadow imp closely misses you.
You barely miss Natasha.
Natasha is almost dead.
The crimson imp barely misses you.
Natasha mumbles some strange words.
You feel troubled. Natasha claws you!
You die...
Kikubaaqudgha rasps: "You have failed me!
Welcome... death!"

#.####.(..............#....#.#
#.....†###############.# ...
######## #.##.# #....# ###
##...# ..# #..## #.# #..# ##
#.# #..# ....###@######..#
.....gh55.......#
....###.######.## ..
#.######.# #........#
##########


You could see Natasha, a crimson imp (summoned), a shadow imp (summoned) and a
goblin.

Vanquished Creatures
  A gnoll (D:1)
  A dart slug (D:1)
  4 ball pythons (D:1)
  4 endoplasms (D:1)
  3 goblins
  4 hobgoblins (D:1)
  2 jackals (D:1)
  3 quokkas
  6 bats
  2 frilled lizards (D:1)
  2 kobolds
  6 rats (D:1)
38 creatures vanquished.

Vanquished Creatures (collateral kills)
  An endoplasm (D:1)
1 creature vanquished.

Grand Total: 39 creatures vanquished

Notes
Turn   | Place    | Note
-------+----------+-------------------------------------------
     0 | D:1      | Hrothgar the Gnoll Hunter began the quest for the Orb.
     0 | D:1      | Reached XP level 1. HP: 20/20 MP: 1/1
   201 | D:1      | Reached XP level 2. HP: 26/26 MP: 2/2
   365 | D:1      | Found a faded altar of an unknown god.
   374 | D:1      | Prayed at the altar of an unknown god.
   374 | D:1      | Became a worshipper of Kikubaaqudgha
   374 | D:1      | Reached * piety under Kikubaaqudgha
   374 | D:1      | Received a gift from Kikubaaqudgha
   379 | D:1      | Learned a level 1 spell: Necrotise
   421 | D:1      | Reached XP level 3. HP: 31/31 MP: 1/3
   537 | D:1      | Reached skill level 1 in Invocations
  1055 | D:2      | Noticed Natasha
  1068 | D:2      | Slain by Natasha

Illustrated notes

Levels and vault maps discovered:
D:1:      saegor_arrival_under_anarchy, layout_loops_ring,
          hellmonk_ecumenical_altar_leap_of_faith, palyth_stone_intersect,
          nicolae_eternal_life, st_stairs_4
D:2:      layout_loops_ring, basic_altar, uniq_natasha

Skill      XL: |  1  2  3 |
---------------+----------+-----
Invocations    | 1 |  1.0
Fighting       | |  4.5
Short Blades   | |  0.9
Long Blades    | |  0.9
Axes           | |  0.9
Maces & Flails | |  0.9
Polearms       | |  0.9
Staves         | |  0.9
Ranged Weapons | |  8.5
Throwing       | |  0.9
Armour         | |  0.9
Dodging        | |  4.5
Stealth        | |  2.4
Shields        | |  0.9
Unarmed Combat | |  0.9
Spellcasting   | |  0.9
Conjurations   | |  0.6
Hexes          | |  0.6
Summonings     | |  0.6
Necromancy     | |  0.6
Translocations | |  0.6
Transmutations | |  0.6
Fire Magic     | |  0.6
Ice Magic      | |  0.6
Air Magic      | |  0.6
Earth Magic    | |  0.6
Poison Magic   | |  0.6
Evocations     | |  0.9

Action                   || total
-------------------------++-------
Melee: Rapier            ||     7
       Bite              ||     1
 Fire: Shortbow          ||    72
 Cast: Necrotise         ||    14
Invok: Unearth Wretches  ||     1
  Use: Scroll            ||     2
Armor: Leather armour    ||    12
Dodge: Dodged            ||    35
